 Dungeon Crawl Stone Soup version 0.25-a0-294-gea9b1ad378 (webtiles) character file.

Game seed: 8365975304740210984, levelgen mode: deterministic

140 MoonlitKnight the Charmwright (level 5, -3/43 HPs)
             Began as a Gnoll Skald on Dec 17, 2019.
             Slain by a gnoll
             ... wielding a +0 flail
              (11 damage)
             ... on level 3 of the Dungeon.
             The game lasted 00:04:53 (1836 turns).

MoonlitKnight the Charmwright (Gnoll Skald)         Turns: 1836, Time: 00:04:54

Health: -3/43      AC:  5    Str: 14    XL:     5   Next: 23%
Magic:  7/12       EV: 13    Int: 15    God:
Gold:   78         SH:  0    Dex: 15    Spells: 3/14 levels left

rFire    . . .     SeeInvis .   a - +0 spear
rCold    . . .     Gourm    .   (no shield)
rNeg     . . .     Faith    .   q - +0 ring mail
rPois    .         Spirit   .   (no helmet)
rElec    .         Reflect  .   (no cloak)
rCorr    .         Harm     .   (no gloves)
MR       .....                  (no boots)
Stlth    +.........             (no amulet)
HPRegen  0.14/turn              (no ring)
MPRegen  0.13/turn              (no ring)

@: very slightly contaminated
A: distributed training, fangs 1, strong nose
a: no special abilities


You were on level 3 of the Dungeon.
You were hungry.

You visited 1 branch of the dungeon, and saw 3 of its levels.

You collected 78 gold pieces.

Inventory:

Hand Weapons
 a - a +0 spear (weapon)
 g - a +0 hunting sling
Missiles
 o - 18 poisoned darts (quivered)
Armour
 q - a +0 ring mail (worn)
Jewellery
 k - an uncursed ring of stealth {unknown}
Scrolls
 e - 2 scrolls of noise {unknown}
 f - a scroll of identify {unknown}
 h - 2 scrolls of enchant armour {unknown}
 i - 2 scrolls of fog {unknown}
 l - a scroll of amnesia {unknown}
 m - a scroll of blinking {unknown}
 r - a scroll of random uselessness {unknown}
Potions
 c - a potion of agility {unknown}
 j - a potion of flight {unknown}
 n - 3 potions of might {unknown}
 p - a potion of curing {unknown}
Comestibles
 b - 4 chunks of flesh
 d - 8 rations


   Skills:
 + Level 4.7 Fighting
 + Level 1.4 Short Blades
 + Level 1.4 Long Blades
 + Level 1.4 Axes
 + Level 1.4 Maces & Flails
 + Level 4.7 Polearms
 + Level 1.4 Staves
 + Level 1.4 Slings
 + Level 1.4 Bows
 + Level 1.4 Crossbows
 + Level 1.4 Throwing
 + Level 2.9 Armour
 + Level 4.7 Dodging
 + Level 1.4 Stealth
 + Level 1.4 Shields
 + Level 1.4 Unarmed Combat
 + Level 5.1 Spellcasting
 + Level 1.1 Conjurations
 + Level 1.1 Hexes
 + Level 5.5 Charms
 + Level 1.1 Summonings
 + Level 1.1 Necromancy
 + Level 1.1 Translocations
 + Level 1.1 Transmutations
 + Level 1.1 Fire Magic
 + Level 1.1 Ice Magic
 + Level 1.1 Air Magic
 + Level 1.1 Earth Magic
 + Level 1.1 Poison Magic
 + Level 1.5 Invocations
 + Level 1.4 Evocations


You had 3 spell levels left.
You knew the following spells:

 Your Spells              Type           Power        Failure   Level  Hunger
a - Infusion              Chrm           ###.         3%          1    None
b - Shroud of Golubria    Chrm/Tloc      ##....       12%         2    ##.....
c - Spectral Weapon       Hex/Chrm       ##......     24%         3    ###....
d - Regeneration          Chrm/Necr      ##........   24%         3    ###....
e - Song of Slaying       Chrm           ###.....     4%          2    ##.....

Your spell library contained the following spells:

 Spells                   Type           Power        Failure   Level  Hunger


Dungeon Overview and Level Annotations

Branches:
Dungeon (3/15)

Altars:
Elyvilon
Yredelemnul


Innate Abilities, Weirdness & Mutations

Your experience applies equally to all skills.
You have very sharp teeth.
Your uncanny sense of smell can sniff out nearby items.


Message History

Your spectral weapon hits the gnoll!
The gnoll hits you.
* * * LOW HITPOINT WARNING * * *
The gnoll closely misses you.
The gnoll hits your spectral weapon with a +0 flail.
Your spectral weapon shares its damage with you!
* * * LOW HITPOINT WARNING * * *
Found 16 stones.
The gnoll hits you but does no damage.
Your spectral weapon fades away.
The gnoll hits you but does no damage. The gnoll barely misses you.
The gnoll closely misses you. The gnoll completely misses you.
The gnoll hits you from afar with a +0 spear.
* * * LOW HITPOINT WARNING * * *
The gnoll closely misses you. x2
The gnoll hits you from afar with a +0 spear.
* * * LOW HITPOINT WARNING * * *
The gnoll misses you. The gnoll hits you with a +0 flail!
You die...

#.# #.# ###
.##.############ #.# #.#
...............###.# #.#
....###.######.....# #.#
. ##)# ###)..# #.#
#))##########.####.#
#).8.8.8.8.##.......
#..@g......#######.#
#...g......# #####.#
#.####....gg....# #......
#..........)...(###.#####
#####...........#...#####
#...8.8.8.8.#.###....
#..##########.##..###
##......# #.....####
#..##### #.##### #.


You could see 4 gnolls.

Vanquished Creatures
  An orc priest (D:3)
  Jessica (D:3)
  An ooze (D:3)
  2 worms
  2 dart slugs
  6 leopard geckos
  2 orcs (D:3)
  A giant cockroach (D:3)
  16 goblins
  7 hobgoblins
  4 kobolds
  A ball python (D:1)
  8 bats
  3 frilled lizards
  3 rats
58 creatures vanquished.

Notes
Turn   | Place    | Note
-------+----------+-------------------------------------------
     0 | D:1      | MoonlitKnight the Gnoll Skald began the quest for the Orb.
     0 | D:1      | Reached XP level 1. HP: 20/20 MP: 6/6
    30 | D:1      | Reached XP level 2. HP: 8/26 MP: 7/7
   477 | D:1      | Reached XP level 3. HP: 29/31 MP: 9/9
   550 | D:1      | Learned a level 2 spell: Shroud of Golubria
   554 | D:1      | Learned a level 3 spell: Spectral Weapon
   558 | D:1      | Learned a level 3 spell: Regeneration
   561 | D:1      | Learned a level 2 spell: Song of Slaying
   669 | D:2      | Reached skill level 5 in Spellcasting
   840 | D:2      | Found a faded altar of an unknown god.
   880 | D:2      | Reached skill level 1 in Invocations
  1049 | D:2      | Found a basalt altar of Yredelemnul.
  1100 | D:2      | Found a white marble altar of Elyvilon.
  1365 | D:3      | Noticed Jessica
  1372 | D:3      | Reached skill level 1 in Short Blades
  1372 | D:3      | Reached skill level 1 in Long Blades
  1372 | D:3      | Reached skill level 1 in Axes
  1372 | D:3      | Reached skill level 1 in Maces & Flails
  1372 | D:3      | Reached skill level 1 in Staves
  1372 | D:3      | Reached skill level 1 in Slings
  1372 | D:3      | Reached skill level 1 in Bows
  1372 | D:3      | Reached skill level 1 in Crossbows
  1372 | D:3      | Reached skill level 1 in Throwing
  1372 | D:3      | Reached skill level 1 in Stealth
  1372 | D:3      | Reached skill level 1 in Shields
  1372 | D:3      | Reached skill level 1 in Unarmed Combat
  1372 | D:3      | Reached skill level 1 in Evocations
  1380 | D:3      | Killed Jessica
  1380 | D:3      | Reached XP level 4. HP: 38/38 MP: 6/11
  1387 | D:3      | Reached skill level 1 in Conjurations
  1387 | D:3      | Reached skill level 1 in Hexes
  1387 | D:3      | Reached skill level 1 in Summonings
  1387 | D:3      | Reached skill level 1 in Necromancy
  1387 | D:3      | Reached skill level 1 in Translocations
  1387 | D:3      | Reached skill level 1 in Transmutations
  1387 | D:3      | Reached skill level 1 in Fire Magic
  1387 | D:3      | Reached skill level 1 in Ice Magic
  1387 | D:3      | Reached skill level 1 in Air Magic
  1387 | D:3      | Reached skill level 1 in Earth Magic
  1387 | D:3      | Reached skill level 1 in Poison Magic
  1600 | D:3      | Reached XP level 5. HP: 43/43 MP: 12/12
  1836 | D:3      | Slain by a gnoll

Levels and vault maps discovered:
D:1:      eino_arrival_tree_alley, layout_rooms
D:2:      layout_basic, kennysheep_ying_yang,
          chequers_ecumenical_altar_simple_redux, first_ration,
          lemuel_old_faithful
D:3:      kennysheep_the_goblin_king, layout_rooms, overflow_temple_1_default,
          kiku_gazebo_garden_becter, uniq_grinder, uniq_jessica

Skill      XL: |  1  2  3  4 |
---------------+-------------+-----
Spellcasting   | 5 |  5.1
Invocations    | 1 |  1.5
Short Blades   | 1 |  1.4
Long Blades    | 1 |  1.4
Axes           | 1 |  1.4
Maces & Flails | 1 |  1.4
Staves         | 1 |  1.4
Slings         | 1 |  1.4
Bows           | 1 |  1.4
Crossbows      | 1 |  1.4
Throwing       | 1 |  1.4
Stealth        | 1 |  1.4
Shields        | 1 |  1.4
Unarmed Combat | 1 |  1.4
Evocations     | 1 |  1.4
Conjurations   | 1 |  1.1
Hexes          | 1 |  1.1
Summonings     | 1 |  1.1
Necromancy     | 1 |  1.1
Translocations | 1 |  1.1
Transmutations | 1 |  1.1
Fire Magic     | 1 |  1.1
Ice Magic      | 1 |  1.1
Air Magic      | 1 |  1.1
Earth Magic    | 1 |  1.1
Poison Magic   | 1 |  1.1
Fighting       | |  4.7
Polearms       | |  4.7
Armour         | |  2.9
Dodging        | |  4.7
Charms         | |  5.5

Action                   |  1- 3 |  4- 6 || total
-------------------------+-------+-------++-------
Melee: Spear             |   126 |    84 ||   210
       Bite              |     7 |     7 ||    14
Throw: Dart              |     1 |       ||     1
 Cast: Spectral Weapon   |     1 |     3 ||     4
       Shroud of Golubri |     1 |     2 ||     3
 Stab: Sleeping          |     3 |     2 ||     5
  Eat: Chunk             |     1 |     2 ||     3
Armor: Leather armour    |    10 |       ||    10
       Ring mail         |     3 |    27 ||    30
Dodge: Dodged            |    63 |    61 ||   124

Table legend:
 A = Non-vault XP
 B = Vault XP
 C = Vault XP percentage of total XP
 D = Non-vault monster count
 E = Vault monster count
 F = Vault count percentage of total count
                 A         B        C        D         E       F
            +---------+---------+-------+---------+---------+-------
      Total |     150 |      51 |  25.4 |      50 |       8 |  13.8
            +---------+---------+-------+---------+---------+-------
        D:1 |      36 |       0 |   0.0 |      18 |       0 |   0.0
        D:2 |      38 |       0 |   0.0 |      19 |       0 |   0.0
        D:3 |      76 |      51 |  40.2 |      13 |       8 |  38.1
            +---------+---------+-------+---------+---------+-------
